[Event "Titled Tuesday Blitz June 27 Late 2023"]
[White "Sukandar, Irine Kharisma"]
[Black "Francisco_Ferrari"]
[WhiteFideId "7101937"]
[WhiteElo "2426"]
[BlackElo "2241"]
[Result "1-0"]
[Round "3"]
[TimeControl "180+2"]
[Date "2023.06.27"]
[WhiteClock "0:00:51"]
[BlackClock "0:00:01"]
[Board "158"]

1. e4 c5 2. Nc3 a6 3. g3 b5 4. Bg2 Bb7 5. d3 e6 6. Nh3 d6 7. O-O Nd7 8. f4 Ngf6 9. Qe1 Qc7 10. Be3 Be7 11. Ng5 h6 12. Nf3 Ng4 13. Bd2 g5 14. fxg5 hxg5 15. Bxg5 Nxh2 16. Nxh2 Bxg5 17. Ng4 b4 18. Nd1 Ne5 19. Nxe5 dxe5 20. Ne3 O-O-O 21. Nc4 Rh7 22. Qe2 Rdh8 23. a3 Qd8 24. axb4 cxb4 25. Qf2 Rh2 26. Qc5+ Qc7 27. Qxc7+ Kxc7 28. Rxf7+ Kb8 29. Ra4 Ka8 30. Rxb4 R2h7 31. Rbxb7 1-0


[Site "https://www.chess.com"]

[Event "Titled Tuesday Blitz June 27 Late 2023"]
[White "Andreassen, Lars"]
[Black "KorolDimitriy75"]
[WhiteFideId "1504878"]
[WhiteElo "2241"]
[BlackElo "2410"]
[Result "0-1"]
[Round "3"]
[TimeControl "180+2"]
[Date "2023.06.27"]
[WhiteClock "0:00:06"]
[BlackClock "0:00:54"]
[Board "159"]

1. d4 Nf6 2. Nf3 g6 3. Bg5 Bg7 4. Nc3 d5 5. Bxf6 Bxf6 6. e4 dxe4 7. Nxe4 Bg7 8. Bc4 O-O 9. O-O Nd7 10. c3 Nf6 11. Re1 Nxe4 12. Rxe4 Bf5 13. Re2 Bg4 14. Rd2 Bh6 15. Rd3 Bf5 16. Ne5 Bxd3 17. Qxd3 e6 18. g3 Bg7 19. f4 c5 20. Rd1 cxd4 21. cxd4 Qd6 22. Qb3 b6 23. h4 Rac8 24. Nxf7 Rxf7 25. Bxe6 Rf8 26. h5 gxh5 27. Kh2 Bf6 28. Rc1 Kg7 29. Bxf7 Rxf7 30. Kh3 Qxd4 31. Rc6 Qe4 32. Rd6 Qh1# 0-1


[Site "https://www.chess.com"]

[Event "Titled Tuesday Blitz June 27 Late 2023"]
[White "Kiselev, Pavel"]
[Black "Nunez V, Gustavo Eduardo"]
[WhiteFideId "4191102"]
[BlackFideId "4403690"]
[WhiteElo "2226"]
[BlackElo "2410"]
[Result "0-1"]
[Round "3"]
[TimeControl "180+2"]
[Date "2023.06.27"]
[WhiteClock "0:02:52"]
[BlackClock "0:02:54"]
[Board "160"]

1. Nf3 g6 2. c4 Bg7 3. d4 d6 4. Nc3 Nd7 5. e4 e5 6. d5 Ne7 7. Bd3 O-O 8. g4 Nc5 9. Bc2 Bxg4 10. h3 Bh5 11. Be3 b6 12. b4 Nd7 13. a3 a5 14. c5 axb4 15. axb4 Rxa1 16. Qxa1 Bxf3 0-1


[Site "https://www.chess.com"]

[Event "Titled Tuesday Blitz June 27 Late 2023"]
[White "Bueno, Alfeu Junior Varela"]
[Black "Broca Jimenez, Fernando"]
[WhiteFideId "2108879"]
[BlackFideId "5104742"]
[WhiteElo "2404"]
[BlackElo "2222"]
[Result "0-1"]
[Round "3"]
[TimeControl "180+2"]
[Date "2023.06.27"]
[WhiteClock "0:00:00"]
[BlackClock "0:00:14"]
[Board "161"]

1. e4 e5 2. Nc3 Nf6 3. f4 d5 4. fxe5 Nxe4 5. Qf3 Nxc3 6. dxc3 Be7 7. Bf4 O-O 8. O-O-O c6 9. h4 f6 10. Qg3 fxe5 11. Bxe5 Bf6 12. Nf3 Bf5 13. Bd3 Bxd3 14. cxd3 Nd7 15. Bd6 Rf7 16. Ng5 Bxg5+ 17. hxg5 g6 18. Rhf1 Qe8 19. Rfe1 Qd8 20. Re2 Nf8 21. Rde1 Qd7 22. Re7 Qf5 23. Qh4 Rd8 24. Rxf7 Qxf7 25. Be5 Re8 26. Qh6 Rxe5 27. Rxe5 Qf4+ 28. Kc2 Qxe5 29. Qh4 Ne6 30. Qg4 Kg7 31. g3 c5 32. Qh3 b6 33. Qh6+ Kg8 34. Qh3 Qf5 35. Qg2 Nxg5 36. Qe2 Kg7 37. Qe7+ Nf7 38. Qxa7 Qe6 39. a4 d4 40. cxd4 cxd4 41. b4 Qa2+ 42. Kd1 Qb3+ 43. Ke2 Qc2+ 44. Ke1 Qxd3 45. a5 Qe3+ 46. Kf1 d3 47. Qxb6 Qe2+ 48. Kg1 d2 49. Qd4+ Ne5 50. Qxe5+ Qxe5 0-1


[Site "https://www.chess.com"]

[Event "Titled Tuesday Blitz June 27 Late 2023"]
[White "Vila Dupla, Aurelio"]
[Black "Vega Gutierrez, Sabrina"]
[WhiteFideId "2203383"]
[BlackFideId "2219026"]
[WhiteElo "2208"]
[BlackElo "2403"]
[Result "0-1"]
[Round "3"]
[TimeControl "180+2"]
[Date "2023.06.27"]
[WhiteClock "0:00:00"]
[BlackClock "0:00:19"]
[Board "162"]

1. Nf3 d5 2. d4 c6 3. c4 e6 4. cxd5 exd5 5. Nc3 Bf5 6. Bf4 Bd6 7. Bxd6 Qxd6 8. Qb3 Qe7 9. e3 Nf6 10. Ne5 O-O 11. Bd3 Bxd3 12. Nxd3 Na6 13. O-O Ne4 14. Qc2 f5 15. Rfe1 Kh8 16. f4 Rf6 17. a3 Nc7 18. Ne5 Rg8 19. Nxe4 fxe4 20. Qf2 Rh6 21. Rac1 Ne8 22. b4 Nd6 23. Ng4 Rh5 24. a4 a6 25. Rb1 Qe6 26. Ne5 g5 27. Rb2 gxf4 28. Qxf4 Rf5 29. Qh4 Rgf8 30. h3 Qe8 31. Rbb1 Rh5 32. Qg4 Rg8 33. Qf4 Qe6 34. Ng4 Rf5 35. Qh2 Nc4 36. Rf1 Rgf8 37. Rxf5 Qxf5 38. Qc7 h5 39. Ne5 Nxe3 40. Nd7 Rg8 41. Qe5+ Qxe5 42. Nxe5 Rxg2+ 43. Kh1 Rd2 44. b5 cxb5 45. axb5 a5 46. Rc1 a4 47. Rc7 a3 0-1


[Site "https://www.chess.com"]

[Event "Titled Tuesday Blitz June 27 Late 2023"]
[White "Szyszylo, Rafal"]
[Black "Fernandez Hernandez, Gerardo"]
[WhiteFideId "1109626"]
[BlackFideId "2207400"]
[WhiteElo "2401"]
[BlackElo "2211"]
[Result "1-0"]
[Round "3"]
[TimeControl "180+2"]
[Date "2023.06.27"]
[WhiteClock "0:00:37"]
[BlackClock "0:00:00"]
[Board "163"]

1. e4 e6 2. d4 d5 3. e5 c5 4. c3 Nc6 5. Nf3 Qb6 6. Bd3 Nh6 7. O-O cxd4 8. cxd4 Nf5 9. Bxf5 exf5 10. Nc3 Be6 11. h4 h6 12. h5 Be7 13. Be3 Na5 14. Na4 Qd8 15. Rc1 Rc8 16. Nc5 b6 17. Qa4+ Kf8 18. Nxe6+ fxe6 19. Rxc8 Qxc8 20. Rc1 Qe8 21. Qxe8+ Kxe8 22. Rc7 a6 23. b3 Kf7 24. Bd2 Rb8 25. Bb4 Rb7 26. Rxe7+ Rxe7 27. Bxe7 Kxe7 28. Kf1 Nc6 29. Ke2 Nb4 30. a4 Kd7 31. Kd2 Nc6 32. Kc3 a5 33. Ne1 Ne7 34. Nd3 g5 35. hxg6 Nxg6 36. g3 h5 37. b4 h4 38. gxh4 Nxh4 39. bxa5 bxa5 40. Nc5+ Ke7 41. Nb7 Nf3 42. Nxa5 Ng5 43. Kd3 1-0


[Site "https://www.chess.com"]

[Event "Titled Tuesday Blitz June 27 Late 2023"]
[White "Arnold, Ken"]
[Black "Cooper, Aaron"]
[WhiteFideId "2056836"]
[BlackFideId "2634945"]
[WhiteElo "2395"]
[BlackElo "2172"]
[Result "1/2-1/2"]
[Round "3"]
[TimeControl "180+2"]
[Date "2023.06.27"]
[WhiteClock "0:00:08"]
[BlackClock "0:00:03"]
[Board "164"]

1. d4 Nf6 2. c4 e6 3. Nf3 d5 4. Bf4 Be7 5. e3 O-O 6. Nc3 c6 7. a3 Nbd7 8. c5 b6 9. b4 a5 10. Bd3 bxc5 11. bxc5 Ba6 12. Rb1 Bxd3 13. Qxd3 Nh5 14. Be5 f6 15. Bg3 Rf7 16. O-O Nxg3 17. hxg3 Nf8 18. Rb7 Qc8 19. Rfb1 Bd8 20. Rxf7 Kxf7 21. e4 Bc7 22. exd5 exd5 23. Nh4 g6 24. Re1 Qd7 25. Na4 Ne6 26. Qe3 Ng5 27. Nc3 Re8 28. Qd2 Rxe1+ 29. Qxe1 Ne6 30. Qe3 Qc8 31. Nf3 Qb8 32. Qh6 Kg8 33. Ne2 Qb1+ 34. Kh2 Qe4 35. Qd2 Kg7 36. Kg1 h5 37. Kf1 Qb1+ 38. Ne1 Qa1 39. Qd3 a4 40. Qa6 Nxd4 41. Nxd4 Qxd4 42. Qxc6 Ba5 43. Qb7+ Kh6 44. Qf7 Qd1 45. Qf8+ Kg5 46. Qe7 Bxe1 47. Qxe1 Qd3+ 48. Kg1 Qxa3 49. f4+ Kf5 50. c6 Qc5+ 51. Kh2 Qxc6 52. Qb1+ Ke6 53. Qxg6 Qc3 54. Qxh5 a3 55. Qe8+ Kd6 56. Qd8+ Kc5 57. Qc7+ Kd4 58. Qb6+ Kd3 59. Qa6+ Kc2 60. g4 Kb2 61. Qb5+ Qb3 62. Qe2+ Ka1 63. g5 fxg5 64. fxg5 a2 65. Qe5+ Qb2 66. Qxd5 Kb1 67. Qd1+ Qc1 68. Qb3+ Qb2 69. Qd1+ Qc1 70. Qb3+ Qb2 71. Qd1+ 1/2-1/2


[Site "https://www.chess.com"]

[Event "Titled Tuesday Blitz June 27 Late 2023"]
[White "Kopacz, Grzegorz"]
[Black "Romero Ruscalleda, Josep"]
[WhiteFideId "1109880"]
[BlackFideId "2231859"]
[WhiteElo "2201"]
[BlackElo "2387"]
[Result "0-1"]
[Round "3"]
[TimeControl "180+2"]
[Date "2023.06.27"]
[WhiteClock "0:01:54"]
[BlackClock "0:01:52"]
[Board "165"]

1. d4 g6 2. e4 Bg7 3. c4 d6 4. Nc3 e5 5. d5 Ne7 6. Be3 O-O 7. Be2 f5 8. f3 Nd7 9. Qd2 a5 10. g4 Nc5 11. gxf5 gxf5 12. Nh3 Ng6 13. Bg5 Bf6 14. O-O-O fxe4 15. Bxf6 Qxf6 16. Ng1 exf3 17. Nxf3 Bg4 18. Rdf1 Qf4 19. Qxf4 Rxf4 20. b3 Raf8 21. Ng5 Bxe2 22. Rxf4 Nxf4 0-1


[Site "https://www.chess.com"]

[Event "Titled Tuesday Blitz June 27 Late 2023"]
[White "Yolosz"]
[Black "Waldo Zalapa, Alejandro"]
[BlackFideId "5106109"]
[WhiteElo "2376"]
[BlackElo "2168"]
[Result "1-0"]
[Round "3"]
[TimeControl "180+2"]
[Date "2023.06.27"]
[WhiteClock "0:00:18"]
[BlackClock "0:00:35"]
[Board "166"]

1. d4 Nf6 2. Bf4 c5 3. e3 cxd4 4. exd4 d5 5. c3 Nc6 6. Bd3 Bg4 7. Qa4 e6 8. Nd2 Bd6 9. Bg5 O-O 10. Ngf3 a6 11. Qc2 h6 12. Bh4 Rc8 13. a3 b5 14. h3 Bxf3 15. Nxf3 g5 16. Bg3 Bxg3 17. fxg3 Qd6 18. O-O Qxg3 19. a4 Nh5 20. axb5 axb5 21. Bxb5 Nf4 22. Kh1 Ne7 23. Qf2 Qxf2 24. Rxf2 Nf5 25. Kh2 Rb8 26. Bf1 Ne3 27. Ne5 Rb7 28. g3 Ng6 29. Nd3 f5 30. Nc5 Re7 31. Ra6 Rf6 32. b4 f4 33. gxf4 Nxf4 34. b5 Nxf1+ 35. Rxf1 Ref7 36. b6 h5 37. b7 Rf8 38. Ra8 g4 39. hxg4 hxg4 40. Rxf8+ Rxf8 41. Rxf4 g3+ 42. Kxg3 Rb8 43. Rf6 Kg7 44. Rxe6 1-0


[Site "https://www.chess.com"]

[Event "Titled Tuesday Blitz June 27 Late 2023"]
[White "Hartikainen, Jarmo"]
[Black "BenchGM"]
[WhiteFideId "503134"]
[WhiteElo "2159"]
[BlackElo "2375"]
[Result "0-1"]
[Round "3"]
[TimeControl "180+2"]
[Date "2023.06.27"]
[WhiteClock "0:00:08"]
[BlackClock "0:00:14"]
[Board "167"]

1. e4 e6 2. d4 d5 3. Nd2 c5 4. Ngf3 cxd4 5. Nxd4 Nf6 6. exd5 Qxd5 7. Nb5 Na6 8. Qf3 Bd7 9. Qxd5 Nxd5 10. c3 Bc5 11. Ne4 Ke7 12. Nxc5 Nxc5 13. Be2 a6 14. Nd4 e5 15. Nf3 f6 16. O-O Bc6 17. Re1 Ne6 18. a3 Ndf4 19. Bxf4 Nxf4 20. Bd1 Nd3 21. Re2 Bxf3 22. gxf3 Nf4 23. Rd2 Rad8 24. Rxd8 Rxd8 25. b4 Rd2 26. Bb3 Nh3+ 27. Kg2 Nxf2 28. Kg3 Nd3 29. c4 Nf4 30. Kg4 Rxh2 31. Kf5 Re2 32. Rh1 g6+ 33. Kg4 h5+ 34. Kh4 g5+ 35. Kg3 Rg2# 0-1


[Site "https://www.chess.com"]

[Event "Titled Tuesday Blitz June 27 Late 2023"]
[White "Srdanovic, Jovana"]
[Black "campochess"]
[WhiteFideId "954810"]
[WhiteElo "2375"]
[BlackElo "2157"]
[Result "1-0"]
[Round "3"]
[TimeControl "180+2"]
[Date "2023.06.27"]
[WhiteClock "0:01:01"]
[BlackClock "0:00:27"]
[Board "168"]

1. d4 Nf6 2. c4 c5 3. d5 b5 4. cxb5 a6 5. bxa6 g6 6. Nc3 Bxa6 7. e4 Bxf1 8. Kxf1 d6 9. g3 Bg7 10. Kg2 O-O 11. Nf3 Nbd7 12. Re1 Ng4 13. Nd2 Nge5 14. Qe2 Nb6 15. f4 Ned7 16. a4 Nc8 17. a5 Rxa5 18. Rxa5 Qxa5 19. Nc4 Qa6 20. e5 dxe5 21. fxe5 Ncb6 22. Nxb6 Qxe2+ 23. Rxe2 Nxb6 24. Bf4 Rd8 25. d6 exd6 26. exd6 h6 27. Ne4 c4 28. Nc5 Nd5 29. d7 Bf6 30. Re8+ Kg7 31. Be5 Rxd7 32. Nxd7 Bxe5 33. Nxe5 c3 34. bxc3 Nxc3 35. Rc8 Nd5 36. Rc5 Ne3+ 37. Kf3 Nf5 38. Rc7 Kf6 39. Nxf7 Nd4+ 40. Ke4 Ne6 41. Ra7 h5 42. h4 Nc5+ 43. Kd5 Nd3 44. Nh6 Nb4+ 45. Kc5 Nd3+ 46. Kd6 Nf2 47. Rf7# 1-0


[Site "https://www.chess.com"]

[Event "Titled Tuesday Blitz June 27 Late 2023"]
[White "zano2023"]
[Black "Arias Igual, Alejandro"]
[BlackFideId "2254905"]
[WhiteElo "2147"]
[BlackElo "2374"]
[Result "1-0"]
[Round "3"]
[TimeControl "180+2"]
[Date "2023.06.27"]
[WhiteClock "0:00:12"]
[BlackClock "0:00:00"]
[Board "169"]

1. e4 c5 2. Nf3 g6 3. d4 cxd4 4. c3 Bg7 5. cxd4 d5 6. e5 Bg4 7. Nc3 e6 8. Be2 Ne7 9. O-O O-O 10. Bg5 h6 11. Bf4 Nbc6 12. Qd2 Kh7 13. h3 Bxf3 14. Bxf3 Nf5 15. Ne2 Qb6 16. Be3 Nh4 17. Bg4 h5 18. Bg5 hxg4 19. hxg4 Qb4 20. Qxb4 Nxb4 21. Bxh4 Rfc8 22. a3 Nc6 23. Rac1 Na5 24. Rxc8 Rxc8 25. Rc1 Rxc1+ 26. Nxc1 Bh6 27. Nd3 Nc6 28. g5 Bf8 29. f4 Nxd4 30. Bf2 Nc6 31. b4 a6 32. Kf1 Be7 33. Ke2 Kg8 34. Kd2 Kf8 35. Kc3 Ke8 36. a4 b5 37. axb5 axb5 38. Bc5 Kd7 39. Bxe7 Kxe7 40. Nc5 Nb8 41. Nb7 Nc6 42. Nd6 d4+ 43. Kb3 Na7 44. Ka3 Kf8 45. Kb2 Nc6 46. Kb3 Na7 47. Kc2 Nc6 48. Nxb5 Nxb4+ 49. Kb3 Nc6 50. Kc4 Ne7 51. Nxd4 Nd5 52. g3 Ne3+ 53. Kd3 Nf1 54. Ne2 Ke7 55. Ke4 Kd7 56. g4 Nh2 57. f5 Nxg4 58. fxg6 fxg6 59. Nf4 Nf2+ 60. Kf3 Nd1 61. Nxg6 Nb2 62. Nf8+ Ke7 63. Nh7 Nd3 64. Ke4 Nf2+ 65. Kf3 Nh3 66. g6 Ng1+ 67. Kf4 Ne2+ 68. Kg5 Nd4 69. Nf6 Nf3+ 70. Kf4 Nh4 71. g7 Ng6+ 72. Kg5 Nxe5 73. g8=Q Nf7+ 74. Kg6 Ne5+ 75. Kg7 Nf3 76. Qf7+ 1-0


[Site "https://www.chess.com"]

[Event "Titled Tuesday Blitz June 27 Late 2023"]
[White "Sokolov, Andrei"]
[Black "Brown, Raehanna"]
[WhiteFideId "11600306"]
[BlackFideId "7402740"]
[WhiteElo "2370"]
[BlackElo "2145"]
[Result "1-0"]
[Round "3"]
[TimeControl "180+2"]
[Date "2023.06.27"]
[WhiteClock "0:00:06"]
[BlackClock "0:00:00"]
[Board "170"]

1. d4 Nf6 2. c4 g6 3. Nc3 Bg7 4. e4 d6 5. h3 O-O 6. Be3 Nbd7 7. Bd3 c5 8. d5 a6 9. g4 b5 10. cxb5 axb5 11. Bxb5 Qa5 12. Bd3 Ba6 13. Ne2 Bxd3 14. Qxd3 Rfb8 15. Qc2 Qb4 16. Bc1 Ne5 17. O-O Nfd7 18. a3 Qc4 19. f4 Nd3 20. Rd1 Nxc1 21. Raxc1 Rb7 22. Rb1 Rab8 23. Rd2 Rb3 24. Nd1 Qxc2 25. Rxc2 Rxa3 26. bxa3 Rxb1 27. Rd2 Ra1 28. Kf2 Rxa3 29. Rb2 Bxb2 30. Nxb2 Ra2 31. Nd3 Nb6 32. Ke3 Nc4+ 33. Kf3 Nd2+ 34. Ke3 Nf1+ 35. Kf2 Nd2 36. Ke3 c4 37. Nb4 Rb2 38. Nc6 Nf1+ 39. Kf2 Rb1 40. Nxe7+ Kg7 41. Nc8 Nd2 42. Nxd6 c3 43. Nxc3 Rf1+ 44. Ke2 1-0


[Site "https://www.chess.com"]

[Event "Titled Tuesday Blitz June 27 Late 2023"]
[White "Pinero Rodriguez, Carlos Jose"]
[Black "Andrejic, Vladica"]
[WhiteFideId "3901726"]
[BlackFideId "928178"]
[WhiteElo "2369"]
[BlackElo "2134"]
[Result "0-1"]
[Round "3"]
[TimeControl "180+2"]
[Date "2023.06.27"]
[WhiteClock "0:01:19"]
[BlackClock "0:00:42"]
[Board "171"]

1. b3 d5 2. Bb2 Nc6 3. Nf3 Bf5 4. e3 e6 5. Bd3 Bxd3 6. cxd3 Nf6 7. O-O Be7 8. d4 O-O 9. a3 h6 10. d3 Re8 11. Nbd2 Bf8 12. Rc1 Nd7 13. b4 a6 14. Ne5 Ncxe5 15. dxe5 c5 16. bxc5 Bxc5 17. d4 Ba7 18. Qb3 b5 19. a4 Rb8 20. axb5 axb5 21. f4 Nb6 22. Ra1 Qd7 23. f5 Nc4 24. Bc1 exf5 25. Qd3 g6 26. g4 fxg4 27. Rf4 Bb6 28. Nf1 Ra8 29. Rb1 Ra2 30. Ng3 Rea8 31. Kh1 h5 32. e4 Ra1 33. h4 Rxb1 34. Qxb1 Bxd4 35. exd5 Qxd5+ 36. Kh2 Bxe5 37. Rf2 Nd6 38. Bf4 Bxf4 39. Rxf4 Ra2+ 0-1


[Site "https://www.chess.com"]

[Event "Titled Tuesday Blitz June 27 Late 2023"]
[White "Cooklev, Steven"]
[Black "Cardenas Carbajal, Nilson"]
[WhiteFideId "2050552"]
[BlackFideId "8401128"]
[WhiteElo "2366"]
[BlackElo "2120"]
[Result "1-0"]
[Round "3"]
[TimeControl "180+2"]
[Date "2023.06.27"]
[WhiteClock "0:00:05"]
[BlackClock "0:00:00"]
[Board "172"]

1. e4 c5 2. Nf3 d6 3. d4 cxd4 4. Nxd4 Nf6 5. Nc3 a6 6. Be3 e5 7. Nf3 Qc7 8. a4 h6 9. a5 Be6 10. Be2 Nbd7 11. O-O Be7 12. Nd5 Bxd5 13. exd5 O-O 14. c4 Ne4 15. b4 f5 16. Rc1 f4 17. Bd2 b6 18. axb6 Qxb6 19. Bd3 Nxd2 20. Qxd2 a5 21. c5 Qxb4 22. c6 Nc5 23. Bc2 e4 24. Qxb4 axb4 25. Nd4 Rfb8 26. Nf5 Bf8 27. Rfe1 Re8 28. f3 e3 29. g3 g5 30. Kg2 Ra2 31. Kh3 b3 32. Bb1 Rd2 33. gxf4 gxf4 34. Rg1+ Kf7 35. Nh4 Re5 36. Bg6+ Ke7 37. Nf5+ 1-0


[Site "https://www.chess.com"]

[Event "Titled Tuesday Blitz June 27 Late 2023"]
[White "Petersson, Kjell"]
[Black "FromTexas54"]
[WhiteFideId "1705148"]
[WhiteElo "2115"]
[BlackElo "2364"]
[Result "0-1"]
[Round "3"]
[TimeControl "180+2"]
[Date "2023.06.27"]
[WhiteClock "0:00:01"]
[BlackClock "0:00:06"]
[Board "173"]

1. d4 Nf6 2. Bf4 e6 3. e3 c5 4. c3 Nc6 5. Nd2 d5 6. Ngf3 cxd4 7. exd4 Nh5 8. Be3 Bd6 9. Ne5 g6 10. g4 Ng7 11. h4 h5 12. Bg5 Qc7 13. Bf6 Kf8 14. Ndf3 hxg4 15. Nxg4 Be7 16. Qe2 Bxf6 17. Nxf6 Qf4 18. Bh3 Qxf6 19. O-O-O Bd7 20. Rhg1 Nf5 21. Bxf5 Qxf5 22. Rg5 Qf4+ 23. Kb1 Rxh4 24. Rdg1 Rh3 25. Nd2 Ne7 26. Nb3 b6 27. a3 Kg7 28. R1g4 Qf6 29. Nd2 Rah8 30. Ka2 Nf5 31. Nf3 Nd6 32. Ne5 Ne4 33. Rxe4 dxe4 34. Rg4 Be8 35. Rxe4 Rh2 36. Re3 Qxf2 37. Qc4 Qxb2# 0-1


[Site "https://www.chess.com"]

[Event "Titled Tuesday Blitz June 27 Late 2023"]
[White "Fernandez Siles, Luis"]
[Black "Gyulamiryan-koryun"]
[WhiteFideId "2209420"]
[WhiteElo "2359"]
[BlackElo "2097"]
[Result "1-0"]
[Round "3"]
[TimeControl "180+2"]
[Date "2023.06.27"]
[WhiteClock "0:00:54"]
[BlackClock "0:00:00"]
[Board "174"]

1. d4 Nf6 2. c4 c5 3. d5 b5 4. Nd2 g6 5. e4 d6 6. Bd3 Bg7 7. f4 Bg4 8. Qc2 b4 9. h3 Bd7 10. Ngf3 a5 11. a4 bxa3 12. Rxa3 a4 13. e5 dxe5 14. fxe5 Nh5 15. e6 Bc8 16. Rxa4 Nf4 17. Rxa8 Nxg2+ 18. Kf2 Nf4 19. exf7+ Kf8 20. Rxb8 Qc7 21. Ra8 Qb7 22. Ra3 Kxf7 23. Ne4 Rf8 24. Bxf4 Kg8 25. Be3 Bd4 26. Bxd4 cxd4 27. c5 Qc7 28. d6 exd6 29. Nxd6 Qc6 30. Be4 1-0


[Site "https://www.chess.com"]

[Event "Titled Tuesday Blitz June 27 Late 2023"]
[White "Castella Garcia, Fausto"]
[Black "Ishowmoves57"]
[WhiteFideId "3501922"]
[WhiteElo "2351"]
[BlackElo "2097"]
[Result "1-0"]
[Round "3"]
[TimeControl "180+2"]
[Date "2023.06.27"]
[WhiteClock "0:01:18"]
[BlackClock "0:01:14"]
[Board "175"]

1. e4 c5 2. Nf3 Nc6 3. Bb5 g6 4. c3 Bg7 5. d4 cxd4 6. cxd4 d5 7. exd5 Qxd5 8. Nc3 Qe6+ 9. Be3 a6 10. d5 Qd6 11. Ba4 b5 12. dxc6 bxa4 13. Qxd6 exd6 14. Nxa4 Be6 15. Nb6 Rb8 16. c7 Rb7 17. c8=Q+ Bxc8 18. Nxc8 Bxb2 19. Nxd6+ Ke7 20. Nxb7 1-0


[Site "https://www.chess.com"]

[Event "Titled Tuesday Blitz June 27 Late 2023"]
[White "Winkels, Marcel"]
[Black "Rego, Pedro Filipe"]
[WhiteFideId "1003887"]
[BlackFideId "1904310"]
[WhiteElo "2090"]
[BlackElo "2351"]
[Result "0-1"]
[Round "3"]
[TimeControl "180+2"]
[Date "2023.06.27"]
[WhiteClock "0:00:00"]
[BlackClock "0:00:11"]
[Board "176"]

1. e4 c5 2. Nf3 Nc6 3. d4 cxd4 4. c3 Nf6 5. e5 Nd5 6. cxd4 d6 7. Bc4 Nb6 8. Bb3 d5 9. O-O Bf5 10. Nc3 e6 11. a4 Na5 12. Bc2 Bg6 13. Bg5 Be7 14. Bxe7 Qxe7 15. Nb5 O-O 16. Bxg6 fxg6 17. Rc1 Rac8 18. Nd6 Rxc1 19. Qxc1 Nac4 20. Nxc4 Nxc4 21. b3 Na5 22. Qc3 Nc6 23. Rc1 a5 24. Qe3 h6 25. h3 g5 26. Ne1 Rf4 27. Nf3 Qf7 28. Rc5 Qg6 29. Kh2 Rf7 30. Ne1 g4 31. Nd3 Qf5 32. Rc1 gxh3 33. gxh3 Qh5 34. Rg1 Rf3 35. Nf4 Rxe3 36. Nxh5 Rf3 37. Kg2 Rf5 38. Ng3 Rf4 39. Ne2 Re4 40. Kf1 Nxd4 41. Nxd4 Rxd4 42. Rg3 Re4 43. Rc3 Rxe5 44. Rc8+ Kh7 45. Rc7 d4 46. Rxb7 d3 47. Rd7 Rh5 48. Rxd3 Rh4 49. Ke2 Rb4 50. Rc3 Kg6 51. Ke3 Kf5 52. f3 Ke5 53. Rd3 g5 54. Rc3 Kd5 55. Rd3+ Kc5 56. Rc3+ Kb6 57. Rd3 e5 58. Rc3 h5 59. Rd3 Kc5 60. Rc3+ Kd5 61. Rd3+ Ke6 62. Rc3 Kd5 63. Rd3+ Kc6 64. Rc3+ Kb6 65. Rd3 Rh4 66. Rd6+ Kc5 67. Rd3 Rxh3 68. Ke4 g4 69. Kxe5 Rxf3 70. Rd5+ Kb4 71. Rb5+ Ka3 72. Ke4 h4 73. Rg5 Rg3 74. Rh5 h3 75. Kf4 Rg2 76. b4 Kxb4 0-1


[Site "https://www.chess.com"]

[Event "Titled Tuesday Blitz June 27 Late 2023"]
[White "Blackwhite017"]
[Black "Glavina, Pablo"]
[BlackFideId "100234"]
[WhiteElo "2084"]
[BlackElo "2346"]
[Result "0-1"]
[Round "3"]
[TimeControl "180+2"]
[Date "2023.06.27"]
[WhiteClock "0:00:04"]
[BlackClock "0:00:12"]
[Board "177"]

1. e4 e5 2. Nf3 Nc6 3. Bb5 a6 4. Ba4 Nf6 5. O-O Bc5 6. c3 b5 7. Bc2 d6 8. d4 Ba7 9. h3 Bb7 10. a4 O-O 11. axb5 axb5 12. Bg5 h6 13. Bh4 g5 14. Bg3 exd4 15. cxd4 Nb4 16. d5 Nxc2 17. Qxc2 Bxf2+ 18. Bxf2 Rxa1 19. Bd4 Nd7 20. b4 Ra4 21. Bb2 Qe7 22. Qc3 f6 23. Nbd2 Ne5 24. Nd4 Rc8 25. Nxb5 c6 26. Nd4 cxd5 27. Qb3 Ra7 28. Nf5 Qh7 29. Nxd6 Rd8 30. Rxf6 Qe7 31. Nxb7 Rxb7 32. Rxh6 Kg7 33. Ra6 Rxb4 34. Qc3 d4 35. Qa3 Rb7 36. Qa1 Qb4 37. Ba3 Qxd2 38. Qf1 Qe3+ 39. Kh1 Rf7 40. Qb5 Rdf8 41. Qb6 Rf1+ 42. Kh2 Qf4+ 43. g3 Qf2# 0-1


[Site "https://www.chess.com"]

[Event "Titled Tuesday Blitz June 27 Late 2023"]
[White "GAO"]
[Black "Sloan, Julia Elizabeth"]
[BlackFideId "2018950"]
[WhiteElo "2346"]
[BlackElo "2084"]
[Result "1-0"]
[Round "3"]
[TimeControl "180+2"]
[Date "2023.06.27"]
[WhiteClock "0:00:16"]
[BlackClock "0:01:14"]
[Board "178"]

1. Nf3 g6 2. h4 h5 3. e4 Bg7 4. d4 c5 5. d5 d6 6. c4 Bg4 7. Be2 Nd7 8. Nc3 Bxc3+ 9. bxc3 Ngf6 10. Qc2 Qa5 11. O-O O-O-O 12. Rb1 Nb6 13. Bg5 Qa4 14. Rb3 Nxc4 15. Bxc4 Qxc4 16. Nd2 Qa4 17. Bxf6 exf6 18. Rfb1 b6 19. Qb2 Be2 20. Ra3 Qd7 21. f3 Bd3 22. Rc1 f5 23. c4 fxe4 24. fxe4 Be2 25. Re1 Bg4 26. e5 Rhe8 27. Ree3 dxe5 28. Rxe5 Rxe5 29. Qxe5 Kb7 30. Ne4 Re8 31. Nd6+ Kc7 32. Nxe8+ Kd8 33. Nd6 Qe7 34. Qxe7+ Kxe7 35. Nb5 a5 36. Na7 Kd6 37. Nc8+ Kc7 38. Ne7 Be2 39. Rc3 Kd6 40. Ng8 b5 41. cxb5 Bxb5 42. Nf6 a4 43. Ne4+ Kxd5 44. Rxc5+ Kxe4 45. Rxb5 Kd3 46. Rb4 Kc3 47. Rxa4 Kb2 48. Ra7 f6 49. a4 g5 50. a5 gxh4 51. Rb7+ Kc3 52. a6 f5 53. a7 f4 54. a8=Q f3 55. Rd7 fxg2 56. Qc6+ Kb4 57. Rb7+ Ka3 58. Qa6# 1-0


[Site "https://www.chess.com"]

[Event "Titled Tuesday Blitz June 27 Late 2023"]
[White "Bongo Akanga Ndjila, Barthelemy"]
[Black "Muhammed, Shuaau"]
[WhiteFideId "10609431"]
[BlackFideId "16700406"]
[WhiteElo "2078"]
[BlackElo "2343"]
[Result "0-1"]
[Round "3"]
[TimeControl "180+2"]
[Date "2023.06.27"]
[WhiteClock "0:00:01"]
[BlackClock "0:01:32"]
[Board "179"]

1. d4 d6 2. c4 Nf6 3. Nc3 g6 4. e4 Bg7 5. Be2 O-O 6. Nf3 e5 7. d5 a5 8. O-O Nbd7 9. Bg5 h6 10. Be3 Ng4 11. Bc1 f5 12. exf5 gxf5 13. Nd2 Ngf6 14. f4 e4 15. Nb3 b6 16. Be3 Nc5 17. Nd4 Bd7 18. Rc1 Kh7 19. Kh1 Qe8 20. Ndb5 Rc8 21. Na7 Rd8 22. Nab5 Bxb5 23. Nxb5 Rd7 24. Na7 h5 25. Nc6 Rg8 26. b3 Bh6 27. a3 Qg6 28. Rg1 Ng4 29. Bxg4 hxg4 30. g3 Bg7 31. b4 axb4 32. axb4 Nd3 33. Ra1 Bxa1 34. Qxa1 Qg7 35. Nd4 Kg6 36. Ne6 Qxa1 37. Rxa1 Rh7 38. Kg2 Nxb4 39. Ra7 Rgh8 40. Rxc7 Rxh2+ 41. Kf1 R8h3 42. Bf2 Nd3 43. Ke2 Rxf2+ 44. Kd1 Rh1# 0-1


[Site "https://www.chess.com"]

[Event "Titled Tuesday Blitz June 27 Late 2023"]
[White "Allam, Yara"]
[Black "Szente Varga, Fruzsina"]
[WhiteFideId "10615709"]
[BlackFideId "712264"]
[WhiteElo "2067"]
[BlackElo "2340"]
[Result "0-1"]
[Round "3"]
[TimeControl "180+2"]
[Date "2023.06.27"]
[WhiteClock "0:00:00"]
[BlackClock "0:00:06"]
[Board "180"]

1. e4 Nf6 2. e5 Nd5 3. c4 Nb6 4. d4 d6 5. exd6 exd6 6. Nc3 Be7 7. h3 O-O 8. Nf3 Bf6 9. Be2 Nc6 10. O-O Re8 11. Be3 Bf5 12. Rc1 Bg6 13. b3 d5 14. c5 Nc8 15. a3 N8e7 16. b4 a6 17. Qb3 Qd7 18. Rfd1 Rad8 19. a4 Nf5 20. b5 axb5 21. axb5 Na5 22. Qb4 b6 23. Bf4 h6 24. Bf1 Nh4 25. Ne5 Bxe5 26. dxe5 d4 27. Ne2 d3 28. Nc3 Qd4 29. Qxd4 Rxd4 30. Be3 Rd7 31. cxb6 cxb6 32. Bxb6 Nc4 33. Bc5 Nxe5 34. f4 Nc4 35. g3 Nf3+ 36. Kf2 d2 37. Ra1 Nb2 38. Kxf3 Nxd1 39. Rxd1 Re1 40. Be3 Rxd1 41. Nxd1 Bc2 42. Be2 f5 43. b6 Be4+ 44. Kf2 Kf7 45. Bb5 Rb7 46. Ba4 Ke6 47. Bxd2 Rxb6 48. Be3 Ra6 49. Bb3+ Kd6 50. Nc3 Bd3 51. Bf7 Ke7 52. Bd5 Kf6 53. h4 g5 54. Nd1 g4 55. Bd4+ Kg6 56. Ne3 Rd6 57. Bb3 Rxd4 58. Bd1 Be4 59. Be2 Rd2 60. Nf1 Ra2 61. Ne3 Bf3 0-1


[Site "https://www.chess.com"]